 Dungeon Crawl Stone Soup version 0.31-a0-765-g67fe2935dc (webtiles) character file.

Game seed: 5341169827713317206

128 LeprechaunX the Changeling (level 5, 0/34 HPs)
             Began as an Octopode Shapeshifter on Sept 16, 2023.
             Slain by a phantom (6 damage)
             ... on level 4 of the Dungeon.
             The game lasted 00:01:43 (2126 turns).

LeprechaunX the Changeling (Octopode Shapeshifter)  Turns: 2126, Time: 00:01:43

Health: 0/34       AC:  1    Str: 15    XL:     5   Next: 11%
Magic:  5/5        EV: 13    Int: 12    God:
Gold:   140        SH:  0    Dex: 12    Spells: 4/4 levels left

rFire   . .          .
                       - Unarmed
rCold   . . .        (no shield)
rNeg    . . .        (helmet currently unavailable)
rPois   .            (no amulet)
rElec   .            f - ring of resist corrosion
rCorr   +            (no ring)
SInv    .            (no ring)
Will    .....        (no ring)
Stlth   ++           (no ring)
HPRegen 0.25/turn    (no ring)
MPRegen 0.09/turn    (no ring)
                     (no ring)

%: no passive effects
@: beast-form
A: beast (slay +2), almost no armour, amphibious, 8 rings, camouflage 1,
gelatinous body 1, (nimble swimmer 1), tentacles
a: Begin Untransformation


You were on level 4 of the Dungeon.
You were a hulking beast.
You visited 1 branch of the dungeon, and saw 4 of its levels.

You collected 140 gold pieces.

Inventory:

Jewellery
 f - a ring of resist corrosion (left tentacle)
 k - a ring of positive energy
Talismans
 b - a beast talisman (active)
 c - a flux talisman
Scrolls
 e - 2 scrolls of revelation {unknown}
 h - a scroll of immolation {unknown}
 i - 3 scrolls of vulnerability {unknown}
 j - 2 scrolls of teleportation {unknown}
 m - 3 scrolls of identify {unknown}
Potions
 a - 4 potions of lignification
 d - 2 potions of mutation {unknown}
 g - a potion of berserk rage {unknown}
 l - a potion of curing {unknown}


   Skills:
 + Level 2.1 Fighting
 + Level 2.9 Dodging
 + Level 3.6 Unarmed Combat
 * Level 4.0 Shapeshifting


You had 4 spell levels left.
You didn't know any spells.
Your spell library contained the following spells:

 Spells                   Type           Power      Damage    Failure   Level
 Magic Dart               Conj           0%         1d3       32%         1
 Call Imp                 Summ           0%         N/A       45%         2
 Mephitic Cloud           Conj/Pois/Air  0%         N/A       69%         3


Dungeon Overview and Level Annotations

Branches:
Dungeon (4/15)
 Temple: D:4-7

Altars:
Fedhas
Trog


Innate Abilities, Weirdness & Mutations

You are a hulking beast.
Your limbs bulge with bestial killing power. (Slay +2)
You cannot wear most types of armour.
You are amphibious.
You can wear up to eight rings at the same time.
Your skin changes colour to match your surroundings (Stealth+).
Your rubbery body absorbs attacks. (AC +1, EV +1)
((You are camouflaged when in or above water. (Stealth+)))
You have tentacles for arms and can constrict up to eight enemies at once.


Message History

The phantom barely misses you.
You miss the phantom.
The phantom is moderately damaged.
The phantom barely misses you.
You barely miss the phantom.
Your tentacle-slap misses the phantom.
Your squeeze misses the phantom.
The phantom is moderately damaged.
The phantom misses you.
You tentacle-slap the phantom. Your squeeze misses the phantom.
The phantom is heavily damaged.
The phantom hits you. The orc hits you with a +0 dagger.
You tentacle-slap the phantom but do no damage.
The phantom is heavily damaged.
The orc closely misses you. The phantom hits you.
The phantom blinks!
You blink.
A kobold and an orc come into view.
The kobold is wielding a +0 short sword and quivering poisoned darts.
You are too injured to fight recklessly!
You are too injured to fight recklessly!
You are too injured to fight recklessly!
You are too injured to fight recklessly!
You are too injured to fight recklessly!
You are too injured to fight recklessly!
You are too injured to fight recklessly!
You are too injured to fight recklessly!
You are too injured to fight recklessly!
You are too injured to fight recklessly!
You are too injured to fight recklessly!
You are too injured to fight recklessly!
Unknown command.
The kobold shouts!
You tentacle-slap the phantom.
The phantom is heavily damaged.
The orc throws a boomerang.
The boomerang hits you.
* * * LOW HITPOINT WARNING * * *
The phantom hits you.
* * * LOW HITPOINT WARNING * * *
You closely miss the kobold. You grab the kobold. You constrict the kobold.
The kobold misses you. The phantom hits you.
You die...

#......#........
#...............
.#...ยง...........
?.........).......
........o.........
....#....o..##....
.#. ##..o..## ...)
#..#..W...##.....
#......hK........
#..............
#......o.......
##.........#...
...........# ##
........#...
....#...##...
.#..##... ....


You could see a phantom, 4 orcs and a kobold.

Vanquished Creatures
  A hound (D:3)
  2 adders (D:2)
  A worm (D:3)
  3 dart slugs
  2 orcs (D:3)
  6 ball pythons
  4 endoplasms
  2 giant cockroaches (D:3)
  6 goblins
  6 hobgoblins
  5 jackals
  2 quokkas
  4 bats
  5 frilled lizards
  6 kobolds
  8 rats
63 creatures vanquished.

Notes
Turn   | Place    | Note
-------+----------+-------------------------------------------
     0 | D:1      | LeprechaunX the Octopode Shapeshifter began the quest for
                  | the Orb.
     0 | D:1      | Reached XP level 1. HP: 13/13 MP: 1/1
   253 | D:1      | Reached XP level 2. HP: 15/18 MP: 2/2
   545 | D:1      | Reached XP level 3. HP: 20/23 MP: 3/3
   953 | D:2      | Reached XP level 4. HP: 8/29 MP: 4/4
  1121 | D:2      | Identified the +2 pair of boots of Tidegipp {Int+2}
  1541 | D:3      | Found a blossoming altar of Fedhas.
  1589 | D:3      | Reached skill level 4 in Shapeshifting
  1640 | D:3      | Reached XP level 5. HP: 30/34 MP: 5/5
  1989 | D:3      | Found a bloodstained altar of Trog.
  2113 | D:4      | Noticed a phantom
  2126 | D:4      | Slain by a phantom

Illustrated notes

Levels and vault maps discovered:
D:1:      scummos_arrival_star, layout_basic
D:2:      layout_rooms
D:3:      layout_loops_ring, general_overflow_altar, mainiacjoe_overflow_paths
D:4:      layout_cave_pools, minmay_temple_entry_junction

Skill      XL: |  1  2  3  4 |
---------------+-------------+-----
Fighting       | 2 |  2.1
Shapeshifting  | 4 |  4.0
Dodging        | |  2.9
Unarmed Combat | |  3.6

Action                     |  1- 3 |  4- 6 || total
---------------------------+-------+-------++-------
  Melee: Unarmed           |    68 |    53 ||   121
         Constrict         |    20 |    14 ||    34
         Tentacles         |    15 |     8 ||    23
   Stab: Sleeping          |     6 |     6 ||    12
 Armour: Skin              |    27 |    20 ||    47
  Dodge: Dodged            |    44 |    24 ||    68

Table legend: (Time is in decaauts)
 A = Elapsed time spent in this place.
 B = Non-inter-level travel time spent in this place.
 C = Inter-level travel time spent in this place.
 D = Time resting spent in this place.
 E = Time spent auto-exploring this place.
 F = Levels seen in this place.
 G = Mean time per level.
                   A        B        C        D        E       F      G
               +--------+--------+--------+--------+--------+-----+--------+
         Total |   2116 |   2024 |     92 |     80 |   1635 |   4 |  529.0 |
       Dungeon |   2116 |   2024 |     92 |     80 |   1635 |   4 |  529.0 |
               +--------+--------+--------+--------+--------+-----+--------+

Top non-repeatable levels by time:
     D:1: 861 daAuts
     D:3: 686 daAuts
     D:2: 554 daAuts
     D:4: 14 daAuts
